[Event "November 21 Early 2023"]
[Site "https://www.chess.com"]
[Date "2023.11.21"]
[Round "10"]
[White "Luukkonen, Tommi"]
[Black "Elbebiber"]
[Result "1-0"]
[Board "131"]
[TimeControl "180+1"]
[WhiteFideId "501808"]
[WhiteElo "2219"]
[BlackElo "2173"]
[WhiteTeam "FIN"]
[WhiteClock "0:00:30"]
[BlackClock "0:00:00"]

1. d4 e6 2. e4 d5 3. Nc3 dxe4 4. Nxe4 Bd7 5. Nf3 Bc6 6. Bd3 Nd7 7. Ng3 Ngf6 8. O-O Be7 9. Qe2 O-O 10. Rd1 Nd5 11. a3 a5 12. c4 N5f6 13. Ne5 Re8 14. Nh5 Nf8 15. Bg5 Nxh5 16. Qxh5 g6 17. Bxe7 Qxe7 18. Qh6 Qf6 19. Ng4 Qg7 20. Qf4 f5 21. Ne5 Rad8 22. b4 axb4 23. axb4 Nd7 24. Nxc6 bxc6 25. Ra7 e5 26. Qg3 f4 27. Qf3 Nf6 28. dxe5 Nh5 29. Qxc6 Qxe5 30. h3 f3 31. Qxf3 Nf4 32. Bf1 Rxd1 33. Qxd1 Rf8 34. Qd2 Qg5 35. Qe3 Qf6 36. Rxc7 Ne6 37. Rc6 Qf5 38. Rxe6 1-0

[Event "November 21 Early 2023"]
[Site "https://www.chess.com"]
[Date "2023.11.21"]
[Round "10"]
[White "Rose, Felix"]
[Black "Seletsky, Grigory"]
[Result "1/2-1/2"]
[Board "132"]
[TimeControl "180+1"]
[WhiteFideId "5105722"]
[BlackFideId "14112191"]
[WhiteElo "2039"]
[BlackElo "2482"]
[WhiteTeam "MEX"]
[BlackTeam "UKR"]
[WhiteClock "0:00:32"]
[BlackClock "0:00:14"]

1. e4 e6 2. d4 d5 3. Nc3 Nc6 4. Nf3 Nf6 5. Bd3 Nb4 6. Bg5 Be7 7. e5 Nxd3+ 8. Qxd3 Nd7 9. h4 a6 10. Ne2 c5 11. c3 b6 12. Qe3 a5 13. O-O Ba6 14. Rfe1 Bxe2 15. Rxe2 O-O 16. Rc1 Rc8 17. Rec2 c4 18. h5 Bxg5 19. Nxg5 h6 20. Nf3 b5 21. b3 Qb6 22. Rb1 cxb3 23. Rxb3 a4 24. Rb4 Rc4 25. Rcb2 Rxb4 26. Rxb4 Rc8 27. Qd3 Rc4 28. Qb1 Rxb4 29. Qxb4 Qc6 30. Nd2 Nf8 31. f4 Nd7 32. Kf2 Nb6 33. g4 Nc4 34. Nf3 Qd7 35. Qc5 f6 36. exf6 gxf6 37. Nh4 Kf7 38. Ng6 Nd6 39. Qb6 Kg7 40. Qb8 Ne8 41. a3 Kf7 42. Kf3 Qc7 43. Qxb5 Qxc3+ 44. Kg2 Qd2+ 45. Kg3 Qe3+ 46. Kh4 Qf2+ 47. Kh3 Qf3+ 48. Kh2 Qf2+ 49. Kh1 Qf3+ 50. Kh2 Qf2+ 51. Kh3 Qf3+ 52. Kh4 Qf2+ 53. Kh3 1/2-1/2

[Event "November 21 Early 2023"]
[Site "https://www.chess.com"]
[Date "2023.11.21"]
[Round "10"]
[White "Cardozo Munar, Carlos Eduardo"]
[Black "Osinovsky, Stepan"]
[Result "1-0"]
[Board "133"]
[TimeControl "180+1"]
[WhiteFideId "4409477"]
[BlackFideId "4157354"]
[WhiteElo "2067"]
[BlackElo "2222"]
[WhiteTeam "COL"]
[BlackTeam "RUS"]
[WhiteClock "0:01:32"]
[BlackClock "0:00:04"]

1. d4 Nf6 2. Bg5 g6 3. Bxf6 exf6 4. g3 Bg7 5. Bg2 O-O 6. e3 d6 7. Ne2 f5 8. Nd2 Nd7 9. O-O Nf6 10. c4 h5 11. b4 a5 12. b5 Re8 13. a4 h4 14. Rc1 hxg3 15. hxg3 Ng4 16. c5 Bh6 17. Nc4 d5 18. Ne5 Nxe5 19. dxe5 Rxe5 20. c6 bxc6 21. Rxc6 Bb7 22. Rc5 Bf8 23. Rc2 Bd6 24. Rd2 Bb4 25. Rd3 Qd6 26. Qb3 Rd8 27. Rfd1 Bc5 28. Nf4 Kg7 29. Nxd5 Bxd5 30. Rxd5 Rxd5 31. Rxd5 Qe7 32. Qc3+ 1-0

[Event "November 21 Early 2023"]
[Site "https://www.chess.com"]
[Date "2023.11.21"]
[Round "10"]
[White "Pumpkin_in_moonlight"]
[Black "Pace, Christopher"]
[Result "0-1"]
[Board "134"]
[TimeControl "180+1"]
[BlackFideId "2610167"]
[WhiteElo "2300"]
[BlackElo "2410"]
[BlackTeam "CAN"]
[WhiteClock "0:01:35"]
[BlackClock "0:02:19"]

1. e4 e5 2. Nf3 Nc6 3. Nc3 Nf6 4. d4 exd4 5. Nxd4 Bb4 6. Nxc6 bxc6 7. Bd3 d5 8. exd5 cxd5 9. O-O O-O 10. Bg5 c6 11. Qf3 h6 12. Bh4 g5 13. Bg3 Bg4 14. Qe3 d4 15. Qe5 dxc3 16. bxc3 Re8 17. Qc7 Qxc7 18. Bxc7 Bxc3 19. Rab1 Nd5 20. Bg3 Be2 21. Bxe2 Rxe2 22. h4 f5 23. hxg5 hxg5 24. Bd6 Bd4 25. c4 Nf6 26. Rb7 Ne4 27. Ba3 Nxf2 0-1

[Event "November 21 Early 2023"]
[Site "https://www.chess.com"]
[Date "2023.11.21"]
[Round "10"]
[White "Rios Escobar, Adan"]
[Black "Witty_Alien"]
[Result "1-0"]
[Board "135"]
[TimeControl "180+1"]
[WhiteFideId "3403645"]
[WhiteElo "2409"]
[BlackElo "2285"]
[WhiteTeam "CHI"]
[WhiteClock "0:00:23"]
[BlackClock "0:00:02"]

1. d4 e5 2. dxe5 d6 3. Nf3 Nc6 4. Bg5 Qd7 5. exd6 Bxd6 6. Nc3 h6 7. Bh4 g5 8. Bg3 Bxg3 9. Qxd7+ Bxd7 10. hxg3 Nf6 11. Nxg5 Ng4 12. Nge4 O-O-O 13. e3 Nb4 14. Rc1 f5 15. Nc5 Bc6 16. Rh5 b6 17. Nd3 Nxd3+ 18. Bxd3 Rxd3 19. cxd3 Bxg2 20. Rxf5 Kb7 21. Nb5 c6 22. Rf7+ Ka6 23. Nc7+ Ka5 24. a3 h5 25. Ne6 a6 26. Rf5+ b5 27. Nd4 Rh6 28. Rfc5 Kb6 29. e4 Ka5 30. Nxc6+ Ka4 31. f4 h4 32. gxh4 Rxh4 33. Nd4 Rh1+ 34. Kd2 Rh2 35. Kc3 Bxe4 36. b3+ Kxa3 37. Ra1+ Ra2 38. Nc2# 1-0

[Event "November 21 Early 2023"]
[Site "https://www.chess.com"]
[Date "2023.11.21"]
[Round "10"]
[White "Minina, Veronika"]
[Black "Mushini Ajay"]
[Result "0-1"]
[Board "136"]
[TimeControl "180+1"]
[WhiteFideId "4174780"]
[BlackFideId "35066188"]
[WhiteElo "1905"]
[BlackElo "2162"]
[WhiteTeam "RUS"]
[BlackTeam "IND"]
[WhiteClock "0:00:02"]
[BlackClock "0:00:07"]

1. Nf3 c5 2. g3 d5 3. Bg2 Nf6 4. O-O e6 5. c4 Nc6 6. d4 dxc4 7. Qa4 Bd7 8. dxc5 Bxc5 9. Qxc4 Be7 10. Nc3 O-O 11. Rd1 Rc8 12. Qd3 Nb4 13. Qd2 Qc7 14. a3 Nbd5 15. Nxd5 Nxd5 16. Nd4 Bf6 17. e4 Nb6 18. f4 Ba4 19. Re1 Nc4 20. Qf2 Rfd8 21. e5 Be7 22. b4 a5 23. Kh1 axb4 24. axb4 b5 25. Nc6 Re8 26. Qd4 Bf8 27. Rxa4 bxa4 28. Qxc4 Qd7 29. b5 a3 30. Qb3 Ra8 31. Nb4 a2 32. Nxa2 Rxa2 33. Qxa2 Qxb5 34. Be3 Rd8 35. Qc2 g5 36. Qe4 Bb4 37. Rg1 Be7 38. fxg5 Qe2 39. Bf3 Qb2 40. Bf4 Qc3 41. Qe3 Rd3 42. Qa7 Rxf3 43. Qxe7 Qc6 44. Qd8+ Kg7 45. Qf6+ Kg8 46. Qd8+ Kg7 47. Qf6+ Kf8 48. Qh8+ Ke7 49. Qf6+ Ke8 50. Rg2 Rf1# 0-1

[Event "November 21 Early 2023"]
[Site "https://www.chess.com"]
[Date "2023.11.21"]
[Round "10"]
[White "Figorito, Nick"]
[Black "Martin, Lewis"]
[Result "1/2-1/2"]
[Board "137"]
[TimeControl "180+1"]
[WhiteFideId "30923689"]
[BlackFideId "410551"]
[WhiteElo "2370"]
[BlackElo "2145"]
[WhiteTeam "USA"]
[BlackTeam "ENG"]
[WhiteClock "0:00:04"]
[BlackClock "0:00:28"]

1. Nf3 Nf6 2. g3 c6 3. Bg2 d5 4. O-O Bf5 5. c4 e6 6. Qb3 Qb6 7. d4 Nbd7 8. c5 Qa6 9. Re1 b6 10. Bf1 Qc8 11. cxb6 axb6 12. Nc3 Bd6 13. Bf4 Bxf4 14. gxf4 O-O 15. Rac1 Qb7 16. e3 Ne4 17. Nxe4 Bxe4 18. Bg2 f6 19. a3 Rfc8 20. Nd2 Bxg2 21. Kxg2 c5 22. dxc5 Rxc5 23. Kg1 Rac8 24. Rxc5 Nxc5 25. Qb5 Qa6 26. Qxa6 Nxa6 27. Nb3 Rc2 28. Nd4 Rxb2 29. Nxe6 Kf7 30. Nd4 Nc5 31. Rd1 Ne4 32. Nf5 g6 33. Ng3 Nc3 34. Ra1 b5 35. Kg2 Rb1 36. Rxb1 Nxb1 37. Ne2 Nxa3 38. Nc3 Ke6 39. Kf3 b4 40. Na4 Nc4 41. Ke2 b3 42. Nc5+ Kf5 43. Nxb3 Kg4 44. Nd4 Nd6 45. Kf1 Kh3 46. Kg1 Ne4 47. Nf3 g5 48. fxg5 fxg5 49. Ne5 Nd2 50. f4 gxf4 51. exf4 d4 52. f5 Ne4 53. Kf1 Kxh2 54. Ke2 Kg3 55. Kd3 Nf6 56. Kxd4 Kf4 57. Nf7 Kxf5 58. Ke3 Kg4 59. Kf2 h5 60. Kg1 Kg3 61. Ne5 h4 62. Kh1 Ne4 63. Nd3 h3 64. Kg1 Ng5 65. Kh1 Kf3 66. Kh2 Kg4 67. Nf2+ Kh4 68. Nxh3 1/2-1/2

[Event "November 21 Early 2023"]
[Site "https://www.chess.com"]
[Date "2023.11.21"]
[Round "10"]
[White "Ambrogi, Agustin"]
[Black "pinguino120"]
[Result "1-0"]
[Board "138"]
[TimeControl "180+1"]
[WhiteFideId "170933"]
[WhiteElo "2214"]
[BlackElo "2244"]
[WhiteTeam "ARG"]
[WhiteClock "0:00:08"]
[BlackClock "0:00:04"]

1. e4 c6 2. d4 d5 3. exd5 cxd5 4. c4 Nf6 5. Nc3 e6 6. Nf3 Bb4 7. cxd5 Nxd5 8. Qc2 O-O 9. Bd3 g6 10. O-O Nc6 11. Bh6 Re8 12. Rac1 Bf8 13. Bxf8 Rxf8 14. Be4 Nce7 15. Ne5 f6 16. Nf3 Bd7 17. Rfe1 Kg7 18. Qb3 Bc6 19. Nxd5 exd5 20. Bd3 Qd7 21. Re3 Rae8 22. Rce1 Nc8 23. h3 Nd6 24. Qb4 Ne4 25. Nd2 Qd6 26. Qxd6 Nxd6 27. Re7+ Rxe7 28. Rxe7+ Rf7 29. Re3 Kf8 30. g4 Re7 31. Rf3 Kg7 32. Kf1 Ne4 33. Bxe4 dxe4 34. Rc3 Rd7 35. Nb3 f5 36. gxf5 gxf5 37. Ke2 Kf6 38. Ke3 Kg5 39. Rc5 Rd5 40. Rc1 f4+ 41. Ke2 Kf5 42. Rg1 Bb5+ 43. Kd2 Bc4 44. Kc3 Bxb3 45. axb3 e3 46. fxe3 fxe3 47. Kd3 e2 48. Re1 Kf4 49. Rxe2 Rb5 50. Kc4 Rb6 51. Re7 h5 52. d5 h4 53. Kc5 Kg3 54. Re3+ Kf2 55. Rd3 Rf6 56. d6 Rf8 57. d7 Rd8 58. Kd6 Ke2 59. Rc3 Rh8 60. Kc7 Rh7 61. Kc8 Rh8+ 62. d8=Q 1-0

[Event "November 21 Early 2023"]
[Site "https://www.chess.com"]
[Date "2023.11.21"]
[Round "10"]
[White "Kuchava, Ana"]
[Black "Matveeva, Olga"]
[Result "0-1"]
[Board "139"]
[TimeControl "180+1"]
[WhiteFideId "13605348"]
[BlackFideId "24107018"]
[WhiteElo "1950"]
[BlackElo "1883"]
[WhiteTeam "GEO"]
[BlackTeam "RUS"]
[WhiteClock "0:00:09"]
[BlackClock "0:00:13"]

1. d4 d5 2. Nf3 Nf6 3. c4 e6 4. Nc3 a6 5. Be3 dxc4 6. a4 Bb4 7. Bg5 h6 8. Bxf6 Qxf6 9. e4 O-O 10. Bxc4 Qg6 11. Qe2 Nc6 12. O-O Rd8 13. d5 exd5 14. Nxd5 Bg4 15. Nxc7 Nd4 16. Qe3 Nxf3+ 17. Kh1 Qh5 18. Qf4 Bd6 19. Qxf7+ Qxf7 20. Bxf7+ Kxf7 21. Nxa8 Rxa8 22. gxf3 Bxf3+ 23. Kg1 Bxe4 24. Rad1 Rd8 25. Rfe1 Bc6 26. Rd3 Bc7 27. Rxd8 Bxd8 28. b3 Bf6 29. Re3 Bd4 30. Rd3 Bc5 31. Kf1 Ke6 32. f3 Ke5 33. Ke2 g5 34. Rd8 Kf4 35. Rh8 Bxf3+ 36. Kd3 Be4+ 37. Kc4 Bg1 38. Rxh6 g4 39. b4 Bf3 40. b5 axb5+ 41. axb5 b6 42. Kb4 Be4 43. Kc4 Kf3 44. Rf6+ Kg2 45. Rf4 Bf3 46. Rxg4+ Bxg4 47. Kd5 Kxh2 48. Kc6 Kg3 49. Kb7 Kf4 50. Kc6 Ke5 51. Kb7 Kd6 52. Kb8 Be2 53. Ka8 Bxb5 54. Kb7 Bc6+ 55. Ka7 b5+ 56. Ka6 b4 57. Ka5 b3 58. Ka6 b2 0-1

[Event "November 21 Early 2023"]
[Site "https://www.chess.com"]
[Date "2023.11.21"]
[Round "10"]
[White "Matthes, Aaron"]
[Black "Ghosh, Chanchal Kumer"]
[Result "1-0"]
[Board "140"]
[TimeControl "180+1"]
[WhiteFideId "16227310"]
[BlackFideId "10201858"]
[WhiteElo "2352"]
[BlackElo "2067"]
[WhiteTeam "GER"]
[BlackTeam "BAN"]
[WhiteClock "0:01:32"]
[BlackClock "0:00:00"]

1. g3 d5 2. Nf3 e6 3. Bg2 Nf6 4. O-O c5 5. b3 Nc6 6. Bb2 Be7 7. d4 O-O 8. Nbd2 cxd4 9. Nxd4 Nxd4 10. Bxd4 Re8 11. c4 dxc4 12. Nxc4 Nd5 13. Be5 Bf6 14. Qd2 Bxe5 15. Nxe5 Qc7 16. Nc4 Rd8 17. Rac1 Qe7 18. Rfd1 b5 19. Na5 Rd7 20. Nc6 Qe8 21. Ne5 Rd8 22. e4 Bb7 23. exd5 Bxd5 24. Bxd5 Rxd5 25. Qe3 Rad8 26. Rxd5 exd5 27. Nf3 Qd7 28. Qf4 1-0

[Event "November 21 Early 2023"]
[Site "https://www.chess.com"]
[Date "2023.11.21"]
[Round "10"]
[White "DonCiao"]
[Black "Dwilewicz, Katarzyna"]
[Result "0-1"]
[Board "141"]
[TimeControl "180+1"]
[BlackFideId "1148486"]
[WhiteElo "2139"]
[BlackElo "2098"]
[BlackTeam "POL"]
[WhiteClock "0:00:00"]
[BlackClock "0:00:21"]

1. c4 c5 2. g3 Nc6 3. Bg2 g6 4. Nc3 Bg7 5. Nf3 e5 6. O-O f5 7. a3 e4 8. Ne1 Nf6 9. d3 Qe7 10. dxe4 fxe4 11. Nb5 O-O 12. Bf4 Ne5 13. Nd6 Qe6 14. Rc1 Kh8 15. Nxe4 Nxe4 16. Bxe4 Qh3 17. Bg2 Qh5 18. Nd3 Ng4 19. h3 Nf6 20. Nxc5 Qxc5 21. Bd6 Qf5 22. Bxf8 Bxf8 23. e4 Qe6 24. e5 Nh5 25. Bd5 Qxe5 26. Re1 Qf6 27. Re8 Ng7 28. Re3 d6 29. Rf3 Qd8 30. Qd4 Bxh3 31. Re1 Rb8 32. Rf7 Bf5 33. g4 Qg5 34. f3 Bc2 35. Kg2 h5 36. Rh1 Kh7 37. Kf2 Re8 38. gxh5 gxh5 39. Rg1 Qe5 0-1

[Event "November 21 Early 2023"]
[Site "https://www.chess.com"]
[Date "2023.11.21"]
[Round "10"]
[White "Shapiro, Daniel"]
[Black "Umarov, Sabir"]
[Result "1-0"]
[Board "142"]
[TimeControl "180+1"]
[WhiteFideId "2001780"]
[BlackFideId "14200538"]
[WhiteElo "2328"]
[BlackElo "2332"]
[WhiteTeam "USA"]
[BlackTeam "UZB"]
[WhiteClock "0:00:28"]
[BlackClock "0:00:00"]

1. d4 c6 2. c4 d6 3. Nc3 g6 4. e4 Bg7 5. Nge2 Nf6 6. f3 O-O 7. Be3 b5 8. cxb5 cxb5 9. Nxb5 Qb6 10. Qb3 Na6 11. Nec3 Be6 12. Qd1 Rfc8 13. Qd2 d5 14. e5 Nd7 15. Be2 Rab8 16. O-O Nc7 17. Nxc7 Rxc7 18. Rab1 Bf5 19. Nxd5 Qb7 20. Nxc7 Bxb1 21. Rxb1 Qxc7 22. f4 e6 23. Rc1 Qb7 24. b3 Nb6 25. Bf3 Nd5 26. Bf2 Qd7 27. g3 Bf8 28. Qc2 Ba3 29. Qc6 Qxc6 30. Rxc6 Nb4 31. Rc7 a5 32. g4 Nxa2 33. d5 Rxb3 34. d6 Rxf3 35. Rc8+ Kg7 36. d7 Be7 37. Re8 Rxf2 38. Kxf2 Bc5+ 39. Kf3 Nb4 40. d8=Q 1-0

[Event "November 21 Early 2023"]
[Site "https://www.chess.com"]
[Date "2023.11.21"]
[Round "10"]
[White "Skiadopoulos, Nikolaos"]
[Black "udithj22"]
[Result "0-1"]
[Board "143"]
[TimeControl "180+1"]
[WhiteFideId "4200772"]
[WhiteElo "2022"]
[BlackElo "2128"]
[WhiteTeam "GRE"]
[WhiteClock "0:00:00"]
[BlackClock "0:01:05"]

1. e4 c5 2. Nf3 d6 3. Bc4 Nc6 4. h3 g6 5. c3 Bg7 6. O-O Nf6 7. Re1 O-O 8. d4 a6 9. a4 Rb8 10. e5 dxe5 11. Nxe5 Nxe5 12. Rxe5 cxd4 13. cxd4 Nd7 14. Re4 Nb6 15. Bb3 Bf5 16. Rh4 e5 17. g3 exd4 18. Na3 Rc8 19. Bh6 Bxh6 20. Rxh6 d3 21. Qd2 Be6 22. Bxe6 fxe6 23. Rh4 Qd5 24. Rd1 Rfd8 25. Qe3 d2 26. Qxb6 Rc1 0-1

[Event "November 21 Early 2023"]
[Site "https://www.chess.com"]
[Date "2023.11.21"]
[Round "10"]
[White "Novik, Maxim"]
[Black "Samarth J Rao"]
[Result "1-0"]
[Board "144"]
[TimeControl "180+1"]
[WhiteFideId "4102924"]
[BlackFideId "46652370"]
[WhiteElo "2306"]
[BlackElo "1564"]
[WhiteTeam "LTU"]
[BlackTeam "IND"]
[WhiteClock "0:01:53"]
[BlackClock "0:00:56"]

1. e4 c5 2. Nf3 e6 3. d3 d5 4. Nbd2 Nf6 5. g3 Nc6 6. Bg2 Be7 7. O-O O-O 8. Re1 b5 9. e5 Nd7 10. Nf1 Qc7 11. Qe2 a5 12. h4 b4 13. Bg5 Ba6 14. N1h2 c4 15. Qe3 Bxg5 16. hxg5 cxd3 17. cxd3 Qb6 18. d4 Rac8 19. Ng4 Qb5 20. Bf1 Qb6 21. Bxa6 Qxa6 22. Kg2 Ne7 23. Nf6+ Nxf6 24. gxf6 Ng6 25. Rh1 Rfd8 26. fxg7 Ne7 27. Qh6 Qd3 28. Ng5 Qg6 29. Qxh7+ Qxh7 30. Rxh7 Ng6 31. Rah1 Rc2 32. Rh8+ Nxh8 33. gxh8=Q# 1-0

[Event "November 21 Early 2023"]
[Site "https://www.chess.com"]
[Date "2023.11.21"]
[Round "10"]
[White "Mikhailova, Irina"]
[Black "Der_Balak_3Halak"]
[Result "1/2-1/2"]
[Board "145"]
[TimeControl "180+1"]
[WhiteFideId "4109040"]
[WhiteElo "2009"]
[BlackElo "2302"]
[WhiteTeam "RUS"]
[WhiteClock "0:00:46"]
[BlackClock "0:00:03"]

1. d4 Nf6 2. Nf3 d5 3. c4 c6 4. cxd5 cxd5 5. Nc3 Nc6 6. Bf4 Bf5 7. e3 e6 8. Qb3 Qc8 9. Bb5 Be7 10. Ne5 O-O 11. O-O Nxe5 12. Bxe5 a6 13. Be2 Nd7 14. Rac1 Qd8 15. Bg3 Rc8 16. Qd1 Nb6 17. Bd3 Bxd3 18. Qxd3 Bd6 19. Ne2 Bxg3 20. hxg3 Qd7 21. Nf4 Nc4 22. b3 Nd6 23. Rc2 Ne4 24. Rfc1 h6 25. g4 Nd6 26. f3 Rxc2 27. Rxc2 Rc8 28. Qd1 Nb5 29. Qc1 Rxc2 30. Qxc2 Qc7 31. Qxc7 Nxc7 32. Nd3 b6 33. e4 dxe4 34. fxe4 Kf8 35. Kf2 Ke7 36. Ke3 f6 37. a4 a5 38. b4 Kd6 39. bxa5 bxa5 40. Nc5 Kc6 41. Kd3 e5 42. Nb3 Kb6 43. dxe5 fxe5 44. Kc4 g6 45. Nc5 Kc6 46. g3 h5 47. g5 Ne8 48. Ne6 Nd6+ 49. Kd3 Nf7 50. Nf8 Nxg5 51. Nxg6 Kd6 52. Nh4 Ne6 53. Nf5+ Kc5 54. Ne3 Kb4 55. Nd5+ Kxa4 56. Kc4 Ka3 57. Nb6 a4 58. Kd5 Nd4 59. Kxe5 Ne2 60. Kf5 Nxg3+ 61. Kg5 Nxe4+ 62. Kxh5 Kb4 63. Nxa4 1/2-1/2

[Event "November 21 Early 2023"]
[Site "https://www.chess.com"]
[Date "2023.11.21"]
[Round "10"]
[White "SeLaPegoACualquiera"]
[Black "KorolDimitriy75"]
[Result "0-1"]
[Board "146"]
[TimeControl "180+1"]
[WhiteElo "2166"]
[BlackElo "2324"]
[WhiteClock "0:00:24"]
[BlackClock "0:00:08"]

1. e4 c5 2. Nf3 d6 3. d4 cxd4 4. c3 Nf6 5. e5 dxe5 6. Nxe5 Nbd7 7. Nf3 dxc3 8. Nxc3 e6 9. Bc4 Be7 10. O-O O-O 11. Bf4 a6 12. Qe2 b5 13. Bb3 Bb7 14. Rfd1 Qb6 15. Ng5 Nc5 16. Be3 Qc6 17. f3 Nxb3 18. axb3 Rfd8 19. Nce4 h6 20. Nxf6+ Bxf6 21. Ne4 Be7 22. Rdc1 Qd5 23. Bb6 Rdc8 24. Rd1 Qxb3 25. Rd7 Bxe4 26. Qxe4 Bf6 27. Re1 Qxb2 28. Rxf7 Kxf7 29. Qxe6+ Kg6 30. Qe4+ Kf7 31. Qe6+ Kf8 32. Be3 Qc3 33. Bf4 Rd8 34. h3 Qd4+ 35. Be3 Qd5 36. Qg4 Kg8 37. Qg6 Qf7 38. Qg4 Re8 39. Kf2 Rad8 40. Rc1 Kh8 41. Rc6 Qd7 42. Qxd7 Rxd7 43. Rxa6 Rb7 44. Bxh6 gxh6 45. Rxf6 Kg7 46. Ra6 b4 47. Ra3 bxa3 48. f4 a2 49. f5 a1=Q 50. f6+ Qxf6+ 51. Kg3 Re3+ 52. Kh2 Qf4+ 53. Kg1 Rb1# 0-1

[Event "November 21 Early 2023"]
[Site "https://www.chess.com"]
[Date "2023.11.21"]
[Round "10"]
[White "Sanchez Alvares, Kelvin Antonio"]
[Black "LLariMarc"]
[Result "0-1"]
[Board "147"]
[TimeControl "180+1"]
[WhiteFideId "3906680"]
[WhiteElo "2217"]
[BlackElo "2250"]
[WhiteTeam "VEN"]
[WhiteClock "0:00:48"]
[BlackClock "0:00:24"]

1. e4 e6 2. d4 d5 3. Nc3 Nf6 4. e5 Nfd7 5. f4 c5 6. Nf3 Nc6 7. Be3 a6 8. Qd2 Be7 9. Be2 O-O 10. O-O b5 11. Nd1 Bb7 12. Nf2 Rc8 13. c3 b4 14. dxc5 Nxc5 15. cxb4 Ne4 16. Nxe4 dxe4 17. Qxd8 Rfxd8 18. Ng5 Bxg5 19. fxg5 Nxe5 20. Rac1 Nd3 21. Bxd3 exd3 22. Bc5 Be4 23. Kf2 d2 24. Rcd1 Bc2 25. Ke2 Bd3+ 26. Kf2 Bxf1 27. Kxf1 Rd5 28. h4 a5 29. a3 axb4 30. axb4 f6 31. gxf6 gxf6 32. Ke2 h5 33. Rxd2 Rxd2+ 34. Kxd2 Kf7 35. Kd3 e5 36. Kc4 Ke6 37. b5 Kd7 38. Kd5 Rg8 39. Ba7 Rxg2 40. b4 Rb2 41. Kc5 Kc7 42. Bb6+ Kb7 43. Bd8 f5 44. Bf6 Rc2+ 45. Kd5 e4 46. Bg5 Rc3 47. Kd4 Rd3+ 48. Ke5 e3 49. Bxe3 Rxe3+ 50. Kxf5 Kb6 51. Kf4 Rd3 52. Kg5 Rd5+ 0-1

[Event "November 21 Early 2023"]
[Site "https://www.chess.com"]
[Date "2023.11.21"]
[Round "10"]
[White "Cueto, Jonny"]
[Black "Pak, Yevgeniy"]
[Result "1-0"]
[Board "148"]
[TimeControl "180+1"]
[WhiteFideId "3300145"]
[BlackFideId "14201712"]
[WhiteElo "2155"]
[BlackElo "2320"]
[WhiteTeam "BOL"]
[BlackTeam "KAZ"]
[WhiteClock "0:00:48"]
[BlackClock "0:01:24"]

1. d4 Nf6 2. Bf4 g6 3. Nc3 d5 4. e3 a6 5. h4 b5 6. Be2 Bf5 7. Nf3 Bg7 8. Ne5 O-O 9. g4 Be6 10. h5 Nbd7 11. hxg6 hxg6 12. g5 Ne4 13. Bg4 f5 14. gxf6 Bxg4 15. Qxg4 Nxe5 16. dxe5 exf6 17. Qxg6 fxe5 18. Bxe5 Qe7 19. Qh7+ Kf7 20. Qxg7+ Ke8 21. Nxe4 dxe4 22. Qxe7+ Kxe7 23. Ke2 c5 24. Rad1 Ke6 25. Bf4 Rad8 26. Rxd8 Rxd8 27. Rd1 c4 28. Rxd8 1-0

[Event "November 21 Early 2023"]
[Site "https://www.chess.com"]
[Date "2023.11.21"]
[Round "10"]
[White "EdmundPlayer"]
[Black "Bazzano, Sebastian"]
[Result "1-0"]
[Board "149"]
[TimeControl "180+1"]
[BlackFideId "104566"]
[WhiteElo "2211"]
[BlackElo "2335"]
[BlackTeam "ARG"]
[WhiteClock "0:00:35"]
[BlackClock "0:00:39"]

1. Nf3 Nf6 2. g3 g6 3. Bg2 Bg7 4. d4 O-O 5. c4 c5 6. Nc3 cxd4 7. Nxd4 Nc6 8. O-O Nxd4 9. Qxd4 d6 10. Bg5 a6 11. Qd2 Rb8 12. Rfd1 Be6 13. b3 b5 14. cxb5 axb5 15. Rac1 b4 16. Na4 Qa5 17. Rc2 Bd7 18. Bxf6 Bxf6 19. Bd5 Bxa4 20. bxa4 Qxa4 21. h4 Rfc8 22. Rdc1 Kg7 23. Rxc8 Rxc8 24. Rxc8 1-0

[Event "November 21 Early 2023"]
[Site "https://www.chess.com"]
[Date "2023.11.21"]
[Round "10"]
[White "Vlasova, Nataliya"]
[Black "Kornyukov, Alexey"]
[Result "1-0"]
[Board "150"]
[TimeControl "180+1"]
[WhiteFideId "4122682"]
[BlackFideId "4150457"]
[WhiteElo "1939"]
[BlackElo "2352"]
[WhiteTeam "RUS"]
[BlackTeam "RUS"]
[WhiteClock "0:02:10"]
[BlackClock "0:01:02"]

1. e4 c5 2. f4 d5 3. exd5 Nf6 4. Bb5+ Bd7 5. Bxd7+ Qxd7 6. c4 e6 7. Qe2 Bd6 8. dxe6 fxe6 9. d3 O-O 10. Nh3 Nc6 11. Be3 Nb4 12. O-O b5 13. a3 Na6 14. Nc3 bxc4 15. dxc4 Rab8 16. Rad1 Qe7 17. Nb5 Rfd8 18. Bf2 Bc7 19. Bh4 Rxd1 20. Rxd1 Rd8 21. Re1 Kf7 22. Ng5+ Kg8 23. Qxe6+ Qxe6 24. Nxe6 Re8 25. Nexc7 1-0

[Event "November 21 Early 2023"]
[Site "https://www.chess.com"]
[Date "2023.11.21"]
[Round "10"]
[White "Zoete, Roelant"]
[Black "Osmonbekov, Talaibek"]
[Result "0-1"]
[Board "151"]
[TimeControl "180+1"]
[WhiteFideId "40103269"]
[BlackFideId "2017253"]
[WhiteElo "2241"]
[BlackElo "2135"]
[WhiteTeam "NED"]
[BlackTeam "USA"]
[WhiteClock "0:01:47"]
[BlackClock "0:01:55"]

1. e4 c5 2. Nf3 d6 3. d4 cxd4 4. Nxd4 Nf6 5. Nc3 g6 6. Bc4 Bg7 7. Be3 O-O 8. O-O Ng4 9. Bd2 Bxd4 10. h3 Ne5 11. Bh6 Bxc3 12. Bxf8 Bxb2 13. Rb1 Nxc4 14. Bh6 Bf6 15. f4 Ne3 16. Qd3 Nxf1 17. Rxf1 Nc6 18. e5 dxe5 19. Qf3 Qb6+ 20. Kh1 exf4 21. Qxf4 Be6 22. h4 Rd8 23. h5 Rd4 24. Qg3 Rh4+ 25. Qxh4 Bxh4 26. hxg6 hxg6 27. a4 Ne5 28. a5 Qxa5 29. c4 Bxc4 30. Rd1 Kh7 31. g4 Kxh6 32. g5+ Kxg5 33. Rd4 Qe1+ 34. Kg2 Qf2+ 35. Kh1 Qxd4 36. Kg2 Bd5+ 37. Kh3 Qg4+ 38. Kh2 Qg3# 0-1

[Event "November 21 Early 2023"]
[Site "https://www.chess.com"]
[Date "2023.11.21"]
[Round "10"]
[White "Andersson, Bjorn 1971"]
[Black "Mangialardo, Tiago Carvalho"]
[Result "1-0"]
[Board "152"]
[TimeControl "180+1"]
[WhiteFideId "1702114"]
[BlackFideId "2130718"]
[WhiteElo "2172"]
[BlackElo "2146"]
[WhiteTeam "SWE"]
[BlackTeam "BRA"]
[WhiteClock "0:00:25"]
[BlackClock "0:00:00"]

1. e4 Nf6 2. Nc3 d5 3. e5 Nfd7 4. f4 e6 5. g3 c5 6. Bg2 Nc6 7. Nge2 f6 8. exf6 Nxf6 9. O-O Bd6 10. d3 O-O 11. h3 Kh8 12. Kh2 Qe8 13. d4 Qh5 14. Bf3 Qg6 15. Be3 cxd4 16. Nxd4 e5 17. Nxc6 bxc6 18. fxe5 Bxe5 19. Bf2 Bf5 20. Rc1 Qh6 21. Bg2 Ng4+ 22. Kg1 Nxf2 23. Rxf2 Bxg3 24. Rf3 Bf4 25. Ra1 Be4 26. Nxe4 dxe4 27. Rf1 Qh4 28. Qg4 Be3+ 29. Kh1 Qh6 30. Rae1 Bc5 31. Qxe4 Bd6 32. Qxc6 Rac8 33. Qe4 Rxf1+ 34. Rxf1 Qg5 35. Rf3 Qg6 36. Qxg6 hxg6 37. Rc3 Rxc3 38. bxc3 Be5 39. c4 Kg8 40. Be4 g5 41. Bg6 Kf8 42. Kg2 Ke7 43. Kf3 Kd6 44. Ke4 Bf4 45. Bf7 Kc5 46. c3 Bd2 47. Kd3 Bf4 48. Bd5 Bc1 49. a4 Bf4 50. Ke4 Bd2 51. Kf5 Bc1 52. Kg6 Bd2 53. Kxg7 Bxc3+ 54. Kg6 Bd2 55. Kf5 Bc1 56. a5 Bd2 57. a6 Kb6 58. Bb7 Kc5 59. Bd5 Kb6 60. Ke4 Kxa6 61. c5 Kb5 62. Kd4 Bb4 63. c6 Kb6 64. Kc4 Bd6 65. Bf3 a5 66. Kd5 1-0

[Event "November 21 Early 2023"]
[Site "https://www.chess.com"]
[Date "2023.11.21"]
[Round "10"]
[White "bn1462"]
[Black "thisjuan"]
[Result "0-1"]
[Board "153"]
[TimeControl "180+1"]
[WhiteElo "1861"]
[BlackElo "2238"]
[WhiteClock "0:00:00"]
[BlackClock "0:00:06"]

1. d4 Nf6 2. c4 e6 3. Nf3 Bb4+ 4. Nbd2 O-O 5. g3 d6 6. Bg2 Qe7 7. O-O Bxd2 8. Bxd2 Ne4 9. Bc3 Nxc3 10. bxc3 Nc6 11. Nd2 e5 12. e3 Rb8 13. Qa4 Bd7 14. d5 Nd4 15. Qxa7 Ne2+ 16. Kh1 Bf5 17. Rfe1 Ra8 18. Qxb7 Nxc3 19. Qb2 Na4 20. Qc1 Nc5 21. Qc3 Na4 22. Qc1 Nc5 23. Qc3 Rfb8 24. Nb3 Na4 25. Qd2 h5 26. h4 Qf6 27. Rec1 Bg4 28. Kg1 Bf3 29. c5 Bxg2 30. Kxg2 e4 31. Rab1 Qf3+ 32. Kg1 Nxc5 33. Nxc5 dxc5 34. Rxb8+ Rxb8 35. Qa5 Rb2 36. Qe1 Rxa2 37. Rxc5 Re2 38. Qf1 Rd2 39. Rxc7 Rxd5 40. Rc8+ Kh7 41. Rc1 g6 42. Qe1 Rf5 43. Rc4 g5 44. Rc1 gxh4 45. gxh4 Rf6 46. Kh2 Rg6 0-1